 Dungeon Crawl Stone Soup version 0.31-a0-876-gfe8ebadbca (webtiles) character file.

Game seed: 5054661883967379713

82 Shayle the Ruffian (level 4, 0/33 HPs)
             Began as a Human Shapeshifter on Oct 13, 2023.
             Killed from afar by an orc wizard (7 damage)
             ... with a puff of flame
             ... on level 3 of the Dungeon.
             The game lasted 00:04:30 (1526 turns).

Shayle the Ruffian (Human Shapeshifter)             Turns: 1526, Time: 00:04:30

Health: 0/33       AC:  2    Str: 14    XL:     4   Next: 70%
Magic:  4/4        EV: 12    Int: 12    God:
Gold:   75         SH:  0    Dex: 13    Spells: 3/3 levels left

rFire   . .          .
                       - Unarmed
rCold   . . .        (no shield)
rNeg    . . .        a - +0 animal skin
rPois   .            (helmet currently unavailable)
rElec   .            (cloak currently unavailable)
rCorr   .            (gloves currently unavailable)
SInv    .            (boots currently unavailable)
Will    .....        (no amulet)
Stlth   +            (no ring)
HPRegen 0.25/turn    (no ring)
MPRegen 0.09/turn

%: no passive effects
@: beast-form
A: beast (slay +1)
a: Begin Untransformation


You were on level 3 of the Dungeon.
You were a hulking beast.
You visited 1 branch of the dungeon, and saw 4 of its levels.

You collected 75 gold pieces.

Inventory:

Armour
 a - a +0 animal skin (worn)
 g - a +0 cloak
Talismans
 c - a beast talisman (active)
 d - a flux talisman
Scrolls
 e - a scroll of teleportation {unknown}
 h - a scroll of enchant weapon {unknown}
 k - a scroll of fog {unknown}
 m - 3 scrolls of identify {unknown}
Potions
 i - a potion of haste
 l - a potion of resistance


   Skills:
 + Level 2.1 Fighting
 + Level 2.8 Dodging
 + Level 3.6 Unarmed Combat
 + Level 3.4 Shapeshifting


You had 3 spell levels left.
You didn't know any spells.
Your spell library contained the following spells:

 Spells                   Type           Power      Damage    Failure   Level
 Lesser Beckoning         Tloc           0%         N/A       45%         2
 Gell's Gravitas          Tloc           0%         N/A       69%         3
 Teleport Other           Tloc           0%         N/A       69%         3


Dungeon Overview and Level Annotations

Branches:
Dungeon (4/15)
 Temple: D:4-7

Altars:


Message History

You start resting.
An orc wizard is nearby!
You hit the orc wizard.
The orc wizard is lightly wounded.
The orc wizard hits you with a +0 dagger.
You hit the orc wizard. You punch the orc wizard.
The orc wizard is severely wounded.
The orc wizard hits you but does no damage.
You barely miss the orc wizard.
The orc wizard is severely wounded.
You hit the orc priest but do no damage.
The orc wizard closely misses you. The orc priest hits you with a +0 club.
You hit the orc priest.
The orc priest is lightly wounded.
The orc wizard hits you with a +0 dagger.
The orc priest hits you with a +0 club.
* * * LOW HITPOINT WARNING * * *
You hit the orc priest but do no damage.
The orc priest is lightly wounded.
The orc wizard hits you with a +0 dagger.
* * * LOW HITPOINT WARNING * * *
The orc priest completely misses you.
Unknown command.
You hit the orc priest but do no damage.
The orc priest is lightly wounded.
The orc wizard hits you with a +0 dagger.
* * * LOW HITPOINT WARNING * * *
The orc priest closely misses you.
Unknown command.
You hit the orc priest but do no damage.
The orc wizard hits you but does no damage.
The orc priest closely misses you.
Okay, then.
Okay, then.
Okay, then.
You hit the orc priest.
The orc priest is lightly wounded.
The orc wizard casts a spell at you. The puff of flame hits you!
You die...

#.######...##...##.#
#)#.........#
#.#.#########
###.#.############
#....#............
#.#.#..###.#######
#.#.#..# #........
....#..###o#######
...)......oh#
##..######)### ...
#.# .### #o# #)# #o#
..S...o.# ####.#..#
.. #.##


You could see an orc priest and an orc wizard.

Vanquished Creatures
  3 adders
  An ufetubus (D:4)
  A dart slug (D:4)
  2 orcs (D:3)
  3 ball pythons (D:1)
  5 bats
  4 endoplasms
  2 giant cockroaches (D:1)
  6 goblins
  3 hobgoblins
  4 kobolds
  A quokka (D:4)
  A frilled lizard (D:1)
  7 rats
43 creatures vanquished.

Notes
Turn   | Place    | Note
-------+----------+-------------------------------------------
     0 | D:1      | Shayle the Human Shapeshifter began the quest for the Orb.
     0 | D:1      | Reached XP level 1. HP: 15/15 MP: 1/1
     3 | D:1      | Upgraded the game from 0.31-a0-875-g02e7d12df6 to
                  | 0.31-a0-876-gfe8ebadbca
    74 | D:1      | Found a faded altar of an unknown god.
    81 | D:1      | Reached XP level 2. HP: 19/21 MP: 2/2
   360 | D:1      | Reached XP level 3. HP: 22/26 MP: 3/3
   940 | D:2      | HP: 1/27 [rat (3)]
   954 | D:2      | Reached XP level 4. HP: 33/33 MP: 4/4
  1145 | D:2      | You fall into a shaft and drop 2 floors!
  1526 | D:3      | Killed from afar by an orc wizard

Illustrated notes

Levels and vault maps discovered:
D:1:      eino_arrival_tree_alley, layout_loops_ring,
          dreamdust_ecumenical_altar_grove, dreamdust_mushroom_princess
D:2:      layout_basic, uniq_robin
D:3:      layout_loops_ring, uniq_natasha, uniq_sigmund
D:4:      layout_basic, nicolae_shop_sticking_my_neck_out

Skill      XL: |  1  2  3  4 |
---------------+-------------+-----
Fighting       | 2 |  2.1
Dodging        | |  2.8
Unarmed Combat | |  3.6
Shapeshifting  | |  3.4

Action                     |  1- 3 |  4- 6 || total
---------------------------+-------+-------++-------
  Melee: Unarmed           |    95 |    63 ||   158
         Punch             |       |     1 ||     1
    Use: Potion            |     4 |     1 ||     5
   Stab: Sleeping          |     2 |       ||     2
         Distracted        |     1 |       ||     1
 Armour: Animal skin       |    54 |    40 ||    94
         Skin              |    14 |     1 ||    15
  Dodge: Dodged            |    51 |    53 ||   104

Table legend: (Time is in decaauts)
 A = Elapsed time spent in this place.
 B = Non-inter-level travel time spent in this place.
 C = Inter-level travel time spent in this place.
 D = Time resting spent in this place.
 E = Time spent auto-exploring this place.
 F = Levels seen in this place.
 G = Mean time per level.
                   A        B        C        D        E       F      G
               +--------+--------+--------+--------+--------+-----+--------+
         Total |   1499 |   1473 |     26 |    269 |    785 |   4 |  374.8 |
       Dungeon |   1499 |   1473 |     26 |    269 |    785 |   4 |  374.8 |
               +--------+--------+--------+--------+--------+-----+--------+

Top non-repeatable levels by time:
     D:1: 664 daAuts
     D:2: 458 daAuts
     D:4: 264 daAuts
     D:3: 112 daAuts
